 Dungeon Crawl Stone Soup version 0.21-a0-504-g2eda330 (webtiles) character file.

896 vineage the Cleaver (level 7, -5/57 HPs)
             Began as a Minotaur Fighter on Nov 25, 2017.
             Slain by a centaur (7 damage)
             ... on level 5 of the Dungeon.
             The game lasted 00:04:56 (4039 turns).

vineage the Cleaver (Minotaur Fighter)              Turns: 4039, Time: 00:04:57

Health: -5/57      AC:  6    Str: 27    XL:     7   Next: 78%
Magic:  6/6        EV:  7    Int:  5    God:
Gold:   254        SH: 10    Dex: 10    Spells: 6/6 levels left

rFire    . . .     SeeInvis .   a - +0 war axe
rCold    . . .     Gourm    .   c - +0 shield
rNeg     . . .     Faith    .   b - +0 scale mail
rPois    .         Spirit   .   (helmet restricted)
rElec    .         Reflect  .   (no cloak)
rCorr    .         Harm     .   (no gloves)
MR       .....                  (no boots)
Stlth    ..........             (no amulet)
HPRegen  0.19/turn              (no ring)
MPRegen  0.10/turn              (no ring)

@: mighty, hasted, very quick
A: retaliatory headbutt, horns 2
a: no special abilities


You were on level 5 of the Dungeon.
You were hungry.

You visited 1 branch of the dungeon, and saw 5 of its levels.

You collected 254 gold pieces.

Inventory:

Hand Weapons
 a - a +0 war axe (weapon)
Armour
 b - a +0 scale mail (worn)
 c - a +0 shield (worn)
Jewellery
 k - an uncursed ring of protection from fire {unknown}
 m - an uncursed ring of protection from fire {unknown}
 n - an uncursed amulet of regeneration {unknown}
 y - a +6 ring of dexterity {unknown}
Wands
 d - a wand of flame (34)
 C - a wand of polymorph (7)
Scrolls
 e - 4 scrolls of random uselessness {unknown}
 g - 5 scrolls of amnesia {unknown}
 h - 5 scrolls of identify {unknown}
 i - 3 scrolls of remove curse {unknown}
 l - a scroll of enchant weapon {unknown}
 o - 3 scrolls of teleportation {unknown}
 p - a scroll of fog {unknown}
 r - 2 scrolls of noise {unknown}
 s - a scroll of fear {unknown}
 D - a scroll of enchant armour {unknown}
 E - a scroll of blinking {unknown}
Potions
 t - 2 potions of haste
 v - 2 potions of cancellation {unknown}
 w - a potion of might
 x - a potion of lignification {unknown}
 z - a potion of degeneration {unknown}
 A - a potion of mutation {unknown}
 B - 2 potions of heal wounds {unknown}
 F - 2 potions of curing {unknown}
Comestibles
 f - 7 bread rations
 j - 8 fruits
 q - 2 royal jellies
 u - a meat ration


   Skills:
 - Level 3.6 Fighting
 + Level 10.8 Axes
 - Level 3.6 Armour
 - Level 3.6 Shields


You had 6 spell levels left.
You didn't know any spells.

Dungeon Overview and Level Annotations

Branches:
Dungeon (5/15)
 Temple: D:4-7

Altars:
Ashenzari
Dithmenos
Ru

Annotations:
D:5 Pikel


Innate Abilities, Weirdness & Mutations

You reflexively headbutt those who attack you in melee.
You have a pair of horns on your head.


Message History

The centaur zombie is almost destroyed.
You hit the slave but do no damage. You hit Pikel. You barely miss the slave.
You hit the slave but do no damage. The centaur zombie hits you.
Pikel barely misses you. The slave barely misses you. The slave hits you.
The slave hits you!
* * * LOW HITPOINT WARNING * * *
The centaur hits you but does no damage.
You are too injured to fight recklessly!
You feel very mighty all of a sudden. You block the centaur zombie's attack.
You block the centaur's attack. Pikel hits you but does no damage.
The slave hits you.
* * * LOW HITPOINT WARNING * * *
The slave hits you.
* * * LOW HITPOINT WARNING * * *
The slave hits you.
* * * LOW HITPOINT WARNING * * *
The centaur zombie hits you.
* * * LOW HITPOINT WARNING * * *
It was a potion of haste.
You feel yourself speed up. The centaur hits you!
You die...

#..$........#
#....##....#
####...##....#
#..#...##....####
#........!....'....##.
#.......).....#.......
#............#......
#..c..##....##....#
#..Z@p##....##....#
......pKp##....##....# #
.......p..#..........##.
......)...+.............
.........##....##..[....
..##.....##....##....##.
. #.....##....##....# .
#..<..#...........##.
#.........).##.


You could see Pikel, 4 slaves, a centaur and a centaur zombie.

Vanquished Creatures
  Sigmund (D:3)
  The ghost of Soeti the Skirmisher, an amateur DsFi (D:3)
  A centaur (D:5)
  Blork the orc (D:5)
  A scorpion (D:4)
  2 hounds
  4 orc wizards
  A hound skeleton (D:5)
  13 adders
  An ooze (D:1)
  6 worms
  3 dart slugs
  6 leopard geckos
  13 orcs
  6 ball pythons
  8 giant cockroaches
  9 goblins
  11 hobgoblins
  7 jackals (D:5)
  5 quokkas
  3 bats
  2 frilled lizards
  8 kobolds
  8 rats
121 creatures vanquished.

Notes
Turn   | Place    | Note
-------+----------+-------------------------------------------
     0 | D:1      | vineage the Minotaur Fighter began the quest for the Orb.
     0 | D:1      | Reached XP level 1. HP: 19/19 MP: 0/0
    14 | D:1      | Reached skill level 3 in Axes
    47 | D:1      | Reached XP level 2. HP: 26/26 MP: 1/1
   336 | D:1      | Reached skill level 4 in Axes
   341 | D:1      | Reached XP level 3. HP: 26/31 MP: 2/2
   892 | D:2      | Reached skill level 5 in Axes
  1029 | D:2      | Reached XP level 4. HP: 39/39 MP: 3/3
  1093 | D:2      | Reached skill level 6 in Axes
  1259 | D:2      | Reached XP level 5. HP: 45/45 MP: 4/4
  1806 | D:3      | Noticed Sigmund
  1841 | D:3      | Killed Sigmund
  1841 | D:3      | Reached skill level 8 in Axes
  1841 | D:3      | Reached XP level 6. HP: 6/51 MP: 5/5
  2160 | D:3      | Noticed Soeti's ghost (amateur DsFi)
  2183 | D:3      | Killed Soeti's ghost
  2670 | D:3      | Reached skill level 9 in Axes
  3144 | D:4      | Reached XP level 7. HP: 38/57 MP: 6/6
  3378 | D:4      | Found a shadowy altar of Dithmenos.
  3390 | D:4      | Found a shattered altar of Ashenzari.
  3751 | D:4      | Found a sacrificial altar of Ru.
  3793 | D:5      | Entered Level 5 of the Dungeon
  3894 | D:5      | Reached skill level 10 in Axes
  4026 | D:5      | Noticed Blork the orc
  4028 | D:5      | Noticed Pikel
  4032 | D:5      | Killed Blork the orc
  4038 | D:5      | HP: 2/57 [centaur zombie (3)]
  4039 | D:5      | Slain by a centaur

Vault maps used:
D:1:      erik_arrival_cave_to_civilisation, st_stairs_5, minmay_tetromino_t4
D:2:      minmay_snake_closets
D:3:      uniq_sigmund
D:4:      lemuel_crystal_altar, kennysheep_mini_moat, first_bread,
          grunt_dithmenos_smoke_and_mirrors
D:5:      uniq_blork_the_orc, uniq_pikel

Skill      XL: |  1  2  3  4  5  6  7 |
---------------+----------------------+-----
Axes           | 3 4 5 6 8 9 10 | 10.8
Fighting       | |  3.6
Armour         | |  3.6
Shields        | |  3.6

Action                   |  1- 3 |  4- 6 |  7- 9 || total
-------------------------+-------+-------+-------++-------
Melee: War axe           |    93 |   139 |    94 ||   326
       Headbutt          |     8 |    14 |    17 ||    39
  Use: Potion            |       |     1 |     2 ||     3
  Eat: Chunk             |       |     4 |     3 ||     7
       Fruit             |       |     3 |       ||     3
Armor: Scale mail        |    50 |    39 |    33 ||   122
Dodge: Dodged            |    29 |    32 |    30 ||    91
Block: Shield            |    54 |    53 |    43 ||   150

Table legend:
 A = Spawn XP
 B = Non-spawn XP
 C = Spawn XP percentage of total XP
 D = Spawn monster count
 E = Non-spawn monster count
 F = Spawn count percentage of total count
 G = Total turns spent on level
                    A         B        C        D         E        F      G
               +---------+---------+-------+---------+---------+-------+---------
         Total |       0 |    1280 |   0.0 |       0 |     121 |   0.0 |  4039
               +---------+---------+-------+---------+---------+-------+---------
           D:1 |       0 |      69 |   0.0 |       0 |      37 |   0.0 |   803
           D:2 |       0 |     133 |   0.0 |       0 |      22 |   0.0 |   971
           D:3 |       0 |     494 |   0.0 |       0 |      24 |   0.0 |  1363
           D:4 |       0 |     171 |   0.0 |       0 |      13 |   0.0 |   656
           D:5 |       0 |     413 |   0.0 |       0 |      25 |   0.0 |   246
               +---------+---------+-------+---------+---------+-------+---------
